Map: Cerulean Fall LE

Players

Zest

  • Race: Protoss Protoss
  • League: Master
  • Spawn Location: 1:00

lIIllllIIlll (INnoVation) - Winner!

  • Race: Terran Terran
  • League: Master
  • Spawn Location: 7:00

Event: HomeStory Cup XVIII

VOD

Have the link to the VOD?

Description

Time

  • Played on: Nov. 25, 2018, 12:52 p.m.
  • Length: 7:18

All games in this series

Show
View Real Time Build Order
Export as new Build Order

Zest Protoss 

Build Orders: Oracle Opening, Phoenix Opening 

Get SALT Encoding   

  12  0:00  Probe  
  13  0:13  Probe  
  14  0:18  Pylon  
  14  0:24  Probe  
  15  0:32  Probe  
  15  0:37  Gateway  
  15  0:41  Probe  
  16  0:47  Assimilator  
  17  0:51  Probe  
  18  1:03  Probe  
  19  1:15  Probe  
  20  1:24  Cybernetics Core  
  20  1:25  Zealot  
  22  1:26  Pylon  
  22  1:28  Probe  
  23  1:50  Nexus, Stalker  
  25  2:08  Assimilator  
  25  2:10  Probe  
  25  2:21  Zealot  
  25  2:22  Probe  
  28  2:30  Pylon  
  28  2:34  Probe  
  29  2:38  Stargate  
  29  2:46  Probe, Warp Gate  
  30  2:55  Probe, Stalker  
  32  2:58  Probe  
  32  3:04  Probe  
  34  3:06  Probe  
  36  3:13  Probe  
  36  3:15  Oracle  
  36  3:16  Probe  
  36  3:18  Shield Battery  
  41  3:28  Probe  
  41  3:30  Probe  
  43  3:40  Probe  
  44  3:42  Gateway, Probe  
  44  3:48  Phoenix  
  45  3:53  Probe  
  45  3:54  Probe  
  49  3:57  Pylon  
  49  4:05  Probe  
  49  4:06  Probe  
  50  4:17  Probe  
  50  4:18  Probe  
  50  4:25  Assimilator  
  50  4:27  Probe  
  50  4:28  Assimilator  
  50  4:29  Probe  
  50  4:31  Forge, Twilight Council  
  50  4:35  Probe  
  50  4:42  Probe  
  50  4:45  Gateway x2, Probe  
  53  4:53  Stalker  
  53  4:54  Probe, Stalker  
  53  4:57  Protoss Ground Weapons Level 1, Probe  
  53  4:58  Blink  
  58  5:06  Probe  
  59  5:13  Shield Battery  
  60  5:19  Robotics Facility  
  59  5:24  Stalker  
  61  5:30  Pylon  
  61  5:34  Pylon  
  61  5:43  Pylon  
  61  5:48  Stalker x4  
  66  5:58  Probe  
  66  6:02  Immortal  
  59  6:13  Stalker x4  
  63  6:30  Shield Battery  
  63  6:36  Stalker x3  
  63  6:37  Stalker  
  53  6:56  Gateway  
  53  7:00  Zealot  
  59  7:01  Zealot x2  
  59  7:03  Cybernetics Core  
Show
View Real Time Build Order
Export as new Build Order

lIIllllIIlll Terran - Winner!

Build Orders: Cyclone Opening 

Get SALT Encoding   

  12  0:00  SCV  
  13  0:12  SCV  
  14  0:17  Supply Depot  
  14  0:24  SCV  
  15  0:38  SCV  
  15  0:40  Barracks  
  16  0:44  Refinery  
  16  0:50  SCV  
  16  0:55  Refinery  
  17  1:03  SCV  
  18  1:15  SCV  
  19  1:27  Reaper, Orbital Command  
  20  1:35  Supply Depot  
  20  1:46  Factory  
  20  1:52  SCV  
  21  2:05  SCV  
  22  2:17  SCV  
  22  2:18  Barracks Reactor  
  23  2:29  Factory Tech Lab, SCV  
  24  2:34  Command Center  
  24  2:41  SCV  
  25  2:48  Cyclone  
  28  2:51  Starport  
  28  2:55  SCV  
  29  3:00  Supply Depot  
  29  3:03  Marine  
  30  3:07  SCV  
  31  3:19  SCV  
  31  3:21  Marine x2  
  33  3:32  Cloaking Field  
  33  3:33  Factory Tech Lab, Banshee  
  33  3:34  SCV  
  37  3:39  Marine x2  
  39  3:46  SCV  
  39  3:47  Orbital Command  
  40  3:54  Siege Tank  
  43  3:59  Marine x2  
  43  4:01  SCV  
  46  4:16  Banshee  
  48  4:19  Marine x2  
  48  4:22  Supply Depot  
  48  4:23  SCV x2  
  49  4:30  Siege Tank  
  52  4:33  Supply Depot  
  52  4:36  Marine  
  52  4:37  Marine  
  54  4:43  SCV x2  
  54  4:44  Supply Depot  
  56  4:54  Marine x2  
  56  4:55  SCV x2  
  60  5:00  Banshee  
  60  5:06  Supply Depot  
  63  5:07  SCV x2  
  63  5:12  Marine x2, Siege Tank  
  67  5:22  SCV x2  
  69  5:30  Marine x2  
  69  5:32  Supply Depot  
  69  5:34  SCV x2  
  73  5:41  Barracks  
  73  5:44  Bunker, Siege Tank  
  73  5:46  Bunker  
  76  5:51  Marine x2  
  76  5:52  Banshee  
  80  5:57  Supply Depot  
  80  6:03  SCV x2  
  77  6:09  Marine  
  77  6:10  Marine  
  79  6:12  Bunker  
  79  6:17  Siege Tank  
  82  6:21  SCV x2  
  82  6:24  Command Center  
  81  6:27  Marine x2  
  81  6:29  Barracks Tech Lab  
  81  6:30  Refinery x2  
  82  6:33  SCV x2  
  82  6:35  Barracks  
  78  6:47  SCV  
  78  6:48  Marine x2, SCV  
  81  7:04  SCV  
  81  7:05  SCV, Barracks  
  81  7:06  Barracks  
Tags
 
Add a new tag
Caveats
  • Supply blocks, unpowered buildings, or Contaminate may cause inaccurate times.
  • Supply counts are checked every 10 seconds.